cohdb
Replays
Latest Replays
All Replays
Popular Replays
Top Player Replays
Match Explorer
How It Works
Community
CoH3 Stats
Reddit
Sign in to upload your games and track your stats! →
Sign in with Steam
Mp40 abuse FAILS MISERABLY
Match 27651968
Overview
Messages
Build Orders
End
Construct Barracks
Selects Airborne Battlegroup
Selects Heavy Machine Gun Paradrop
Riflemen Squad
Riflemen Squad
Heavy Machine Gun Paradrop
Riflemen Squad
Infantry Support Center
Selects Paratrooper Squad Paradrop
Construct Medical Station
M1918 Browning Automatic Rifles
Grenade Package
Munitions Surplus
Selects Anti-tank Gun Team Paradrop
Selects Smoke Bombing Run
Riflemen Squad
Advanced Logistics
Smoke Bombing Run
Riflemen Squad
Selects Supply Drop
Construct Tank Depot
Anti-tank Gun Team Paradrop
Supply Drop
Smoke Bombing Run
M4(105) Sherman Bulldozer
Selects Carpet Bombing Run
Supply Drop
Engineer Squad
Carpet Bombing Run
Smoke Bombing Run
Supply Drop
Anti-tank Gun Team Paradrop
Supply Drop
AI Takeover
CAuMOH
sniper shot reduces your mom lif
Evelynn
▼△TheBlueMan™△▼
0
0
Comments
sign in to comment!
No comments posted yet!